 Dungeon Crawl Stone Soup version 0.23-a0-644-gb60d84b635 (webtiles) character file.

606 K1ngMX the Cleaver (level 7, -11/60 HPs)
             Began as a Minotaur Berserker on Dec 30, 2018.
             Was a Priest of Trog.
             Mangled by an ice beast (12 damage)
             ... on level 5 of the Dungeon on Jan 2, 2019.
             The game lasted 00:17:03 (3865 turns).

K1ngMX the Cleaver (Minotaur Berserker)             Turns: 3865, Time: 00:17:03

Health: -11/60     AC:  0    Str: 23    XL:     7   Next: 19%
Magic:  6/6        EV: 13    Int:  5    God:    Trog [***...]
Gold:   171        SH:  0    Dex:  9    Spells: 6/6 levels left

rFire    . . .     SeeInvis .   (no weapon)
rCold    . . .     Gourm    +   (no shield)
rNeg     . . .     Faith    .   (no armour)
rPois    .         Spirit   .   (helmet restricted)
rElec    .         Reflect  .   (no cloak)
rCorr    .         Harm     .   (no gloves)
MR       .....                  (no boots)
Stlth    ++........             i - amulet of the gourmand
HPRegen  0.20/turn              d - ring of stealth
MPRegen  0.10/turn              (no ring)

@: no status effects
A: retaliatory headbutt, horns 2
a: Berserk, Trog's Hand, Renounce Religion


You were on level 5 of the Dungeon.
You worshipped Trog.
Trog was most pleased with you.
You were completely stuffed.

You visited 1 branch of the dungeon, and saw 5 of its levels.

You collected 171 gold pieces.

Inventory:

Hand Weapons
 a - a +0 hand axe
 k - a +2 dagger of venom
 t - a +0 war axe
Armour
 b - a +0 animal skin
 e - a +0 leather armour
 m - a scarf of spirit shield
 n - a +0 scale mail
 y - a +2 pair of gloves of dexterity
Jewellery
 d - a ring of stealth (left hand)
 i - an amulet of the gourmand (around neck)
 u - a +3 ring of dexterity {unknown}
 B - an uncursed amulet of guardian spirit {unknown}
Wands
 p - a wand of scattershot (3)
 x - a wand of random effects (19)
Scrolls
 f - a scroll of enchant weapon {unknown}
 o - a scroll of fog
 q - a scroll of magic mapping {unknown}
 s - 2 scrolls of identify
 v - a scroll of remove curse
 A - a scroll of blinking {unknown}
 C - a scroll of fear
Potions
 g - a potion of haste
 h - 3 potions of lignification {unknown}
 j - 3 potions of degeneration {unknown}
 l - 2 potions of curing {unknown}
 r - a potion of brilliance {unknown}
 w - 2 potions of cancellation {unknown}
 z - 3 potions of ambrosia {unknown}
 D - a potion of resistance {unknown}
Comestibles
 c - 10 rations
 E - a chunk of flesh


   Skills:
 - Level 4.7 Fighting
 * Level 8.5 Axes
 - Level 3.8 Armour
 - Level 3.4 Dodging


You had 6 spell levels left.
You didn't know any spells.
Your spell library was empty.

Dungeon Overview and Level Annotations

Branches:
Dungeon (5/15)             Temple (0/1) D:5

Altars:
Gozag
Zin

Shops:
D:4 *


Innate Abilities, Weirdness & Mutations

You reflexively headbutt those who attack you in melee.
You have a pair of horns on your head.


Message History

You are too injured to fight recklessly!
You are too injured to fight recklessly!
You are too injured to fight recklessly!
You are too injured to fight recklessly!
You hit the ice beast but do no damage. You headbutt the ice beast!
The ice beast is heavily wounded.
The ice beast hits you.
* * * LOW HITPOINT WARNING * * *
The ice beast freezes you!
* * * LOW HITPOINT WARNING * * *
You hit the ice beast but do no damage. You headbutt the ice beast.
The ice beast is heavily wounded.
The ice beast closely misses you. You furiously retaliate!
You headbutt the ice beast! You hit the ice beast.
The ice beast is almost dead.
The ice beast hits you.
* * * LOW HITPOINT WARNING * * *
The ice beast freezes you!
You die...

####### #.....#
#.###รท# ##.#
#.# ##.###.# .#
# .....#.#
#.#####.#
.....#.#
#.#..@Y.#
.....#.#
#.#.#####
##+###.# #.#.#
##.# #.# #.#.#
...###.#####.#.#
............>#.#
..........##...#
..###..##.####.#
..###..##.# #.#


You could see an ice beast.

Vanquished Creatures
  Duvessa (D:4)
  Dowan (D:4)
  A howler monkey (D:4)
  An orc priest (D:4)
  2 hounds
  A bullfrog skeleton (D:4)
  Natasha (thrice) (D:2)
  Robin (D:2)
  4 gnolls (D:3)
  6 adders
  An ooze (D:2)
  5 worms
  4 leopard geckos
  3 orcs
  4 ball pythons
  3 giant cockroaches
  13 goblins
  6 hobgoblins
  9 jackals
  7 quokkas
  6 bats
  6 frilled lizards
  6 kobolds
  17 rats
111 creatures vanquished.

Notes
Turn   | Place    | Note
-------+----------+-------------------------------------------
     0 | D:1      | K1ngMX the Minotaur Berserker began the quest for the Orb.
     0 | D:1      | Reached XP level 1. HP: 19/19 MP: 0/0
    86 | D:1      | Reached XP level 2. HP: 27/27 MP: 1/1
   139 | D:1      | Reached skill level 4 in Axes
   995 | D:2      | Reached XP level 3. HP: 29/33 MP: 2/2
  1001 | D:2      | Reached ** piety under Trog
  1347 | D:2      | Noticed Robin
  1364 | D:2      | Killed Robin
  1381 | D:2      | Noticed Natasha
  1393 | D:2      | Killed Natasha
  1393 | D:2      | Reached XP level 4. HP: 31/40 MP: 1/3
  1457 | D:2      | Noticed Natasha
  1469 | D:2      | Killed Natasha
  1469 | D:2      | Reached skill level 5 in Axes
  1863 | D:2      | Reached XP level 5. HP: 46/47 MP: 4/4
  1976 | D:2      | Noticed Natasha
  1984 | D:2      | Killed Natasha
  2552 | D:3      | Reached *** piety under Trog
  2574 | D:3      | Reached skill level 6 in Axes
  3026 | D:4      | Reached XP level 6. HP: 53/53 MP: 5/5
  3076 | D:4      | Noticed Dowan
  3079 | D:4      | Noticed Duvessa
  3085 | D:4      | Killed Dowan
  3090 | D:4      | Killed Duvessa
  3090 | D:4      | Reached skill level 7 in Axes
  3318 | D:4      | Reached skill level 8 in Axes
  3318 | D:4      | Reached XP level 7. HP: 57/60 MP: 4/6
  3432 | D:4      | Found Saetitt's Assorted Antiques.
  3440 | D:4      | Upgraded the game from 0.23-a0-641-g0a7f1ce553 to
                  | 0.23-a0-644-gb60d84b635
  3532 | D:4      | Found a glowing silver altar of Zin.
  3532 | D:4      | Found an opulent altar of Gozag.
  3655 | D:5      | Entered Level 5 of the Dungeon
  3760 | D:5      | Found a staircase to the Ecumenical Temple.
  3863 | D:5      | HP: 2/60 [ice beast (14)]
  3865 | D:5      | Mangled by an ice beast

Vault maps used:
D:1:      dpeg_arrival_chambers_temple_mockup
D:2:      kennysheep_generic_room_8, uniq_robin, uniq_natasha
D:3:      st_stairs_5
D:4:      grunt_temple_overflow_gold_and_silver, kennysheep_mini_moat,
          gup_sewer_entry_spiral, serial_shops, nicolae_shop_overgrown_old_shop,
          uniq_duvessa
D:5:      eat_drink_and_be_merry_uskayaw, minmay_temple_entry_large_hall,
          first_ration, minmay_misc_feat_chi, st_stairs_5

Skill      XL: |  1  2  3  4  5  6 |
---------------+-------------------+-----
Axes           | 4 5 6 8 |  8.5
Fighting       | 4 |  4.7
Armour         | 3 |  3.8
Dodging        | 3 |  3.4

Action                   |  1- 3 |  4- 6 |  7- 9 || total
-------------------------+-------+-------+-------++-------
Melee: Hand axe          |    79 |   149 |    13 ||   241
       Headbutt          |     9 |    27 |     9 ||    45
       Unarmed           |       |       |    13 ||    13
Invok: Berserk           |     1 |     2 |       ||     3
       Trog's Hand       |     1 |     4 |       ||     5
  Use: Scroll            |       |     6 |       ||     6
 Stab: Sleeping          |       |       |     1 ||     1
  Eat: Chunk             |     2 |    18 |     7 ||    27
Armor: Leather armour    |    11 |       |       ||    11
       Scale mail        |     9 |    61 |     7 ||    77
Dodge: Dodged            |    45 |    82 |    28 ||   155

Table legend:
 A = Non-vault XP
 B = Vault XP
 C = Vault XP percentage of total XP
 D = Non-vault monster count
 E = Vault monster count
 F = Vault count percentage of total count
                 A         B        C        D         E       F
            +---------+---------+-------+---------+---------+-------
      Total |     575 |     292 |  33.7 |      91 |      20 |  18.0
            +---------+---------+-------+---------+---------+-------
        D:1 |      32 |       0 |   0.0 |      20 |       0 |   0.0
        D:2 |     131 |      73 |  35.8 |      26 |      15 |  36.6
        D:3 |     125 |       8 |   6.0 |      26 |       3 |  10.3
        D:4 |     240 |     211 |  46.8 |      17 |       2 |  10.5
        D:5 |      47 |       0 |   0.0 |       2 |       0 |   0.0
            +---------+---------+-------+---------+---------+-------
